AoeStats
← franto

Golden Pit

507062423Analyzed
1v1 RM · 16d ago on Sep 16, 2026· 49m 42s· 2 players
Game mode
Random Map
Map size
Tiny (2 player)
Population
200
Speed
Normal
Resources
Standard
Victory
Conquest
Starting age
Dark Age
Ending age
Imperial Age
RankedLock teamsTeams togetherTeam positionsShared explorationLock speedFull tech treeHidden civsTurbo modeCheats
Victory
Defeat
🇺🇸 Hindustanis · United States
924
+15
🇺🇸 Vietnamese · United States
907
-42
franto
9:32 Loom
12:20 Feudal Age
14:45 Double-Bit Axe
18:44 Castle Age
16:35 Horse Collar
18:27 Bloodlines
23:16 Heavy Plow
31:11 Wheelbarrow
31:57 Pikeman
33:07 Forging
34:04 Elite Skirmisher
35:02 Padded Archer Armor
42:52 Imperial Age
40:41 Hand Cart
43:35 Murder Holes
44:04 Ballistics
44:45 Chemistry
43:56 Chatras
43:59 Imperial Skirmisher
45:31 Bow Saw
45:55 Crop Rotation
Pseudoskills
7:47 Loom
10:14 Feudal Age
16:11 Castle Age
14:23 Double-Bit Axe
14:45 Horse Collar
16:34 Wheelbarrow
21:10 Bow Saw
21:50 Hand Cart
25:56 Scale Barding Armor
26:00 Gold Mining
26:01 Stone Mining
26:27 Heavy Plow
28:08 Fervor
27:51 Town Watch
29:49 Ballistics
33:49 Imperial Age
31:20 Town Patrol
34:00 Scale Barding Armor
34:06 Forging
33:46 Fletching
34:18 Murder Holes
35:03 Chain Barding Armor
34:48 Scale Mail Armor
35:27 Grand Trunk Road
34:52 Heavy Camel Rider
35:32 Husbandry
37:46 Conscription
39:44 Elite Ghulam
40:27 Shatagni
39:58 Imperial Camel Rider
41:51 Chemistry
43:28 Plate Barding Armor
43:29 Iron Casting
43:10 Chain Mail Armor
43:54 Gold Shaft Mining
43:56 Stone Shaft Mining
44:24 Two-Man Saw
43:23 Siege Elephant
46:27 Shatagni
Connection lost

Rejoining the realm…

Still unreachable

The connection could not be restored.

Session expired

The server has moved on; the page needs a fresh start.